[Event "3. Laufenburger Open Gruppe B"]
[Site "?"]
[Date "2015.10.09"]
[Round "1.4"]
[White "Albert-Thiele, Uwe"]
[Black "Metz, Berthold"]
[Result "0-1"]
[ECO "A85"]
[WhiteElo "1450"]
[BlackElo "1729"]
[PlyCount "44"]
[TimeControl "240+2"]

{518MB, Rybka3Gen.ctg} 1. d4 f5 2. c4 Nf6 3. Nc3 e6 4. Bf4 Be7
5. e3 d6 6. Bd3 O-O 7. h3 Nbd7 8. Nge2 Qe8 9. g4 e5 10. dxe5 dxe5 11. Bh2 e4
12. Bc2 fxg4 13. Bxc7 gxh3 14. Rxh3 Ne5 15. Bxe5 Bxh3 16. Nxe4 Nxe4 17. Bxe4
Bb4+ 18. Bc3 Qxe4 19. Bxb4 Qh1+ 20. Kd2 Rad8+ 21. Nd4 Rxf2+ 22. Kc3 Rf1 0-1

[Event "3. Laufenburger Open Gruppe B"]
[Site "?"]
[Date "2015.10.11"]
[Round "5.7"]
[White "Burgert, Daniel Lukas"]
[Black "Bolettieri, Sandro"]
[Result "0-1"]
[ECO "B31"]
[WhiteElo "1229"]
[BlackElo "1600"]
[PlyCount "46"]
[TimeControl "240"]

{518MB, Rybka3Gen.ctg} 1. e4 c5 2. Nf3 Nc6 3. d4
cxd4 4. Nxd4 g6 5. Bb5 Bg7 6. Be3 Nf6 7. Nc3 a6 8. Ba4 b5 9. Bb3 b4 10. Bd5
bxc3 11. Nxc6 dxc6 12. Bxc6+ Bd7 13. Bxa8 Qxa8 14. Qd4 Qxe4 15. Qxc3 Qxg2 16.
O-O-O O-O 17. Bd4 Rc8 18. Qb4 Qc6 19. c3 Nd5 20. Qa5 Bxd4 21. Rxd4 Nxc3 22. Re1
Ne2+ 23. Kd2 Nxd4 0-1